 Dungeon Crawl Stone Soup version 0.23-a0-639-ga9a3373 (webtiles) character file.

1071 Leeroy the Carver (level 8, -7/61 HPs)
             Began as a Green Draconian Skald on Dec 29, 2018.
             Was an Initiate of Okawaru.
             Mangled by an iguana (15 damage)
             ... on level 5 of the Dungeon.
             The game lasted 00:14:51 (4151 turns).

Leeroy the Carver (Green Draconian Skald)           Turns: 4151, Time: 00:14:51

Health: -7/61      AC:  7    Str: 14    XL:     8   Next: 7%
Magic:  11/11      EV: 12    Int: 15    God:    Okawaru [......]
Gold:   353        SH:  0    Dex: 11    Spells: 4/11 levels left

rFire    . . .     SeeInvis .   e - +0 falchion (slice)
rCold    . . .     Gourm    .   (no shield)
rNeg     . . .     Faith    .   (armour unavailable)
rPois    +         Spirit   .   (helmet restricted)
rElec    .         Reflect  .   (no cloak)
rCorr    .         Harm     .   H - +0 pair of gloves
MR       .....                  (no boots)
Stlth    ++........             (no amulet)
HPRegen  0.20/turn              D - ring of stealth
MPRegen  0.12/turn              (no ring)

@: no status effects
A: breathe noxious fumes, unfitting armour, poison resistance, cold-blooded, AC
+6
a: Breathe Noxious Fumes, Renounce Religion


You were on level 5 of the Dungeon.
You worshipped Okawaru.
Okawaru was noncommittal.
You were very hungry.

You visited 2 branches of the dungeon, and saw 6 of its levels.

You collected 353 gold pieces.

Inventory:

Hand Weapons
 a - a +0 falchion
 e - a +0 falchion of slicing (weapon)
 n - a +0 short sword
 q - a +0 dagger
 t - a +0 trident
 v - a +0 blowgun
 y - a +0 dagger
 B - a +0 spear
 C - a +2 short sword of flaming
 E - a +0 war axe
 F - a +0 flail
 G - a +0 quarterstaff
 I - a +0 short sword
 L - a +0 battleaxe
Missiles
 d - 104 stones (quivered)
 o - 12 sling bullets
 r - 33 arrows
 A - 39 poisoned needles
Armour
 H - a +0 pair of gloves (worn)
Jewellery
 D - a ring of stealth (left hand)
 N - an uncursed ring of magical power {unknown}
Wands
 b - a wand of iceblast (6)
 m - a wand of flame (12)
 s - a wand of paralysis (7)
 O - a wand of enslavement (6)
Scrolls
 f - 2 scrolls of amnesia {unknown}
 g - 3 scrolls of identify
 i - a scroll of teleportation
 l - 2 scrolls of immolation
 p - 2 scrolls of blinking {unknown}
 u - a scroll of remove curse {unknown}
 x - 2 scrolls of magic mapping {unknown}
 M - a scroll of fog {unknown}
Potions
 h - a potion of brilliance {unknown}
 j - 2 potions of might
 k - 2 potions of magic {unknown}
 w - a potion of invisibility {unknown}
 z - a potion of agility
 J - a potion of curing
Comestibles
 c - 7 rations
 K - 4 chunks of flesh


   Skills:
 - Level 2.2 Fighting
 + Level 9.3 Long Blades
 - Level 2.1 Dodging
 - Level 2.0 Spellcasting
 * Level 1.9 Hexes
 - Level 2.7 Charms


You had 4 spell levels left.
You knew the following spells:

 Your Spells              Type           Power        Failure   Level  Hunger
a - Infusion              Chrm           #...         7%          1    #......
b - Spectral Weapon       Hex/Chrm       #.......     26%         3    ###....
c - Regeneration          Chrm/Necr      #.........   36%         3    ###....

Your spell library contained the following spells:

 Spells                   Type           Power        Failure   Level  Hunger
 Song of Slaying          Chrm           #.......     11%         2    ###....
 Shroud of Golubria       Chrm/Tloc      #.........   19%         2    ###....


Dungeon Overview and Level Annotations

Branches:
Dungeon (5/15)             Temple (1/1) D:4

Altars:
Ashenzari
Cheibriados
Dithmenos
Elyvilon
Fedhas
Hepliaklqana
Kikubaaqudgha
Makhleb
Nemelex Xobeh
Okawaru
Qazlal
Ru
Sif Muna
Trog
Uskayaw
Vehumet
Wu Jian
Xom
Zin
The Shining One


Innate Abilities, Weirdness & Mutations

You can breathe blasts of noxious fumes.
Your lurid green scales are hard. (AC +6)
You cannot fit into any form of body armour.
Your system is resistant to poisons. (rPois)
You are cold-blooded and may be slowed by cold attacks.


Message History

You kill the worker ant!
Okawaru accepts your kill.
A jelly comes into view.
The jelly quivers.
The phantom blinks!
The phantom blinks!
Some of the chunks of flesh in your inventory have rotted away.
The ogre hits you with a +0 giant club!!
* * * LOW HITPOINT WARNING * * *
The iguana hisses angrily.
The phantom blinks!
Okay, then.
The phantom blinks!
You are feeling very hungry.
The phantom blinks!
The iguana hisses menacingly.
The jelly jiggles.
There is a stone staircase leading up here.
The iguana bites you!
You die...

#..........# ##.########.#
#..# #.# #.## #.# #.# #.#
#)# #.# ###.# #####.#
##...# ###.....#### ##..###
#.......@..# #..##
#......Ol..# #.##
##.......J..# #.#
#...........# #.#
##............#
#.###...#..........# ######
#.##...............# #....#
..##<.........W....###....#
.....................#....#


You could see a phantom, an ogre, an iguana and a jelly.

Vanquished Creatures
  Eustachio (D:4)
  2 ogres
  3 scorpions (D:4)
  A crimson imp (D:4)
  2 hounds (D:4)
  An orc priest (D:4)
  6 orc wizards
  Ijyb (D:3)
  3 worker ants
  3 gnolls (D:5)
  8 adders
  2 oozes (D:3)
  6 leopard geckos
  17 orcs
  2 ball pythons
  3 giant cockroaches
  17 goblins
  8 hobgoblins
  6 jackals
  4 quokkas
  12 bats
  4 frilled lizards
  10 kobolds
  7 rats
129 creatures vanquished.

Notes
Turn   | Place    | Note
-------+----------+-------------------------------------------
     0 | D:1      | Leeroy the Draconian Skald began the quest for the Orb.
     0 | D:1      | Reached XP level 1. HP: 17/17 MP: 3/3
   181 | D:1      | Reached XP level 2. HP: 22/24 MP: 5/5
   381 | D:1      | Reached skill level 3 in Long Blades
   859 | D:2      | Reached XP level 3. HP: 21/29 MP: 1/6
   885 | D:2      | Learned a level 3 spell: Spectral Weapon
  1280 | D:2      | Reached skill level 4 in Long Blades
  1412 | D:3      | Reached XP level 4. HP: 30/36 MP: 7/7
  1511 | D:3      | Learned a level 3 spell: Regeneration
  1783 | D:3      | Reached skill level 5 in Long Blades
  1783 | D:3      | Reached XP level 5. HP: 28/41 MP: 8/8
  1899 | D:3      | Noticed Ijyb
  1907 | D:3      | Paralysed by Ijyb for 6 turns
  1912 | D:3      | HP: 1/41 [kobold/+0 short sword (3)]
  2356 | D:3      | Reached skill level 6 in Long Blades
  2499 | D:3      | Paralysed by Ijyb for 6 turns
  2508 | D:3      | Killed Ijyb
  2511 | D:3      | Reached XP level 6. HP: 30/48 MP: 1/9
  2664 | D:4      | Found an ancient bone altar of Kikubaaqudgha.
  2754 | D:4      | Noticed Eustachio
  2828 | D:4      | Killed Eustachio
  2828 | D:4      | Reached skill level 7 in Long Blades
  2828 | D:4      | Your scales start taking on a lurid green colour.
  2828 | D:4      | Reached XP level 7. HP: 52/55 MP: 10/10
  2828 | D:4      | Gained mutation: Your system is resistant to poisons.
                  | (rPois) [Green Draconian growth]
  3010 | D:4      | Reached skill level 8 in Long Blades
  3066 | D:4      | Found a staircase to the Ecumenical Temple.
  3075 | Temple   | Entered the Ecumenical Temple
  3133 | Temple   | Became a worshipper of Warmaster Okawaru
  3369 | D:4      | Reached skill level 1 in Hexes
  3721 | D:4      | Found a sacrificial altar of Ru.
  3721 | D:4      | Found an ornate altar of the Wu Jian Council.
  3727 | D:4      | Found a shattered altar of Ashenzari.
  3729 | D:4      | Found a deep blue altar of Sif Muna.
  3730 | D:4      | Found a glowing golden altar of the Shining One.
  3861 | D:5      | Entered Level 5 of the Dungeon
  3890 | D:5      | Reached skill level 9 in Long Blades
  3950 | D:5      | Reached XP level 8. HP: 61/61 MP: 11/11
  4151 | D:5      | Mangled by an iguana

Vault maps used:
D:1:      matt_arrival_grand_opening
D:3:      cheibrodos_greedy_goblins, first_ration, uniq_ijyb
D:4:      old_standard_altar, chequers_temple_overflow_minitemple,
          minmay_temple_entry_arrows, minmay_fountain_box, uniq_eustachio
D:5:      wad_floor_pattern_untrapped
Temple:   eino_temple_water

Skill      XL: |  1  2  3  4  5  6  7 |
---------------+----------------------+-----
Long Blades    | 3 4 5 6 7 9 |  9.3
Hexes          | 1 |  1.9
Fighting       | |  2.2
Dodging        | |  2.1
Spellcasting   | |  2.0
Charms         | |  2.7

Action                   |  1- 3 |  4- 6 |  7- 9 || total
-------------------------+-------+-------+-------++-------
Melee: Falchion          |   115 |    81 |   115 ||   311
       Tailslap          |     9 |    14 |    26 ||    49
       Short sword       |       |   129 |    90 ||   219
       Dagger            |       |       |     1 ||     1
Throw: Stone             |       |     5 |     2 ||     7
 Cast: Infusion          |     1 |       |       ||     1
       Regeneration      |       |     4 |     1 ||     5
       Spectral Weapon   |       |     2 |     1 ||     3
 Abil: Breathe Noxious F |       |       |     1 ||     1
Evoke: Wand              |       |     2 |       ||     2
  Use: Potion            |       |     6 |       ||     6
       Scroll            |       |     1 |     4 ||     5
 Stab: Sleeping          |     1 |       |     3 ||     4
  Eat: Chunk             |     2 |     6 |     4 ||    12
Armor: Skin              |    44 |    63 |    49 ||   156
Dodge: Dodged            |    84 |   144 |   125 ||   353
       Rpst.: Falchion   |    23 |    15 |    28 ||    66

Table legend:
 A = Non-vault XP
 B = Vault XP
 C = Vault XP percentage of total XP
 D = Non-vault monster count
 E = Vault monster count
 F = Vault count percentage of total count
                 A         B        C        D         E       F
            +---------+---------+-------+---------+---------+-------
      Total |    1272 |     258 |  16.9 |     114 |      15 |  11.6
            +---------+---------+-------+---------+---------+-------
        D:1 |      32 |       0 |   0.0 |      19 |       0 |   0.0
        D:2 |      52 |       0 |   0.0 |      24 |       0 |   0.0
        D:3 |     276 |      61 |  18.1 |      34 |      14 |  29.2
        D:4 |     655 |     197 |  23.1 |      24 |       1 |   4.0
        D:5 |     257 |       0 |   0.0 |      13 |       0 |   0.0
            +---------+---------+-------+---------+---------+-------
